 Dungeon Crawl Stone Soup version 0.26-a0-1126-g3318b609a0 (webtiles) character file.

Game seed: 13531904215254543088

1241 sideus8 the Insei (level 8, -1/60 HPs)
             Began as a Gnoll Transmuter on Dec 17, 2020.
             Was an Initiate of Sif Muna.
             Slain by Menkaure (11 damage)
             ... on level 6 of the Dungeon.
             The game lasted 00:12:49 (5668 turns).

sideus8 the Insei (Gnoll Transmuter)                Turns: 5668, Time: 00:12:50

Health: -1/60      AC:  3    Str: 13    XL:     8   Next: 49%
Magic:  17/17      EV: 15    Int: 17    God:    Sif Muna [......]
Gold:   39         SH:  5    Dex: 16    Spells: 4/19 levels left

rFire    . . .     SeeInvis .     - Unarmed
rCold    . . .     Faith    .   j - +0 buckler
rNeg     . . .     Spirit   .   h - +0 leather armour
rPois    .         Reflect  .   (helmet currently unavailable)
rElec    .         Harm     .   (no cloak)
rCorr    .         Rampage  .   (no gloves)
Will     .....                  (boots currently unavailable)
Stlth    ++........             (no amulet)
HPRegen  0.20/turn              (no ring)
MPRegen  0.15/turn              (no ring)

@: appendages (expiring)
A: distributed training, fangs 1, horns 2, talons 2, strong nose
a: End Transformation, Renounce Religion


You were on level 6 of the Dungeon.
You worshipped Sif Muna.
Sif Muna was noncommittal.
You had grown temporary horns.
You had grown temporary talons.
You visited 1 branch of the dungeon, and saw 6 of its levels.

You collected 208 gold pieces.
You spent 169 gold pieces at shops.

Inventory:

Hand Weapons
 m - a +0 flail
 v - a +3 quarterstaff of chaos
 z - a +2 mace of protection
Missiles
 d - 7 silver boomerangs
Armour
 a - a +0 robe
 f - a +0 pair of boots (melded)
 h - a +0 leather armour (worn)
 j - a +0 buckler (worn)
 w - a +0 cloak
Jewellery
 x - an uncursed ring of see invisible {unknown}
Scrolls
 b - a scroll of noise {unknown}
 c - a scroll of magic mapping {unknown}
 g - 3 scrolls of amnesia {unknown}
 i - 5 scrolls of teleportation
 k - a scroll of fog {unknown}
 n - 2 scrolls of remove curse
 q - a scroll of enchant weapon {unknown}
 t - a scroll of random uselessness {unknown}
 y - 6 scrolls of identify
 A - a scroll of blinking {unknown}
Potions
 e - 2 potions of degeneration {unknown}
 l - a potion of attraction {unknown}
 o - 2 potions of brilliance {unknown}
 p - a potion of heal wounds {unknown}
 r - a potion of cancellation {unknown}
 s - 2 potions of lignification {unknown}
 u - a potion of flight {unknown}


   Skills:
 + Level 4.2 Fighting
 + Level 3.3 Short Blades
 + Level 3.3 Long Blades
 + Level 3.3 Axes
 + Level 3.3 Maces & Flails
 + Level 3.3 Polearms
 + Level 3.3 Staves
 + Level 3.3 Slings
 + Level 3.3 Bows
 + Level 3.3 Crossbows
 + Level 3.3 Throwing
 + Level 3.3 Armour
 + Level 5.7 Dodging
 + Level 3.3 Stealth
 + Level 3.3 Shields
 + Level 7.4 Unarmed Combat
 + Level 6.0 Spellcasting
 + Level 2.7 Conjurations
 + Level 2.7 Hexes
 + Level 2.7 Summonings
 + Level 2.7 Necromancy
 + Level 2.7 Translocations
 + Level 4.7 Transmutations
 + Level 2.7 Fire Magic
 + Level 2.7 Ice Magic
 + Level 2.7 Air Magic
 + Level 2.7 Earth Magic
 + Level 2.7 Poison Magic
 + Level 3.6 Invocations
 + Level 3.3 Evocations


You had 4 spell levels left.
You knew the following spells:

 Your Spells              Type           Power        Failure   Level
a - Beastly Appendage     Tmut           42%          2%          1
b - Wereblood             Tmut           21%          3%          2
c - Spider Form           Tmut/Pois      8%           12%         3
d - Ice Form              Ice/Tmut       17%          36%         4
e - Blade Hands           Tmut           10%          56%         5

Your spell library contained the following spells:

 Spells                   Type           Power        Failure   Level


Dungeon Overview and Level Annotations

Branches:
Dungeon (6/15)             Temple (0/1) D:5

Altars:
Cheibriados
Dithmenos
Fedhas
Okawaru
Qazlal
Ru
Sif Muna
Trog
Yredelemnul
Zin

Shops:
D:6 ?

Annotations:
D:3 2 runed translucent doors, Tarl's ghost, amateur DrCj
D:6 Menkaure


Innate Abilities, Weirdness & Mutations

Your experience applies equally to all skills.
You have very sharp teeth.
Your uncanny sense of smell can sniff out nearby items.
You have a pair of horns on your head.
You have razor-sharp toenails.


Message History

Menkaure calls on the powers of darkness!
Your body is wracked with pain!
You hit Menkaure.
Menkaure is heavily damaged.
Menkaure calls on the powers of darkness!
Your body is wracked with pain!
* * * LOW HITPOINT WARNING * * *
Menkaure calls on the powers of darkness!
Your body is wracked with pain!
* * * LOW HITPOINT WARNING * * *
You feel better.
Menkaure gestures at you while chanting.
You struggle to resist.
Menkaure calls on the powers of darkness!
Your body is wracked with pain!
* * * LOW HITPOINT WARNING * * *
Your transformation is almost over.
A jackal skeleton comes into view.
Menkaure hits you!
You die...

#......<.......
#....##.#......
#..#.##.# ####.
#.......#
##.#.#### #.#.#
#.#.# ###.#Z###
#.@.....#
#M#.....##.
#.#........
#.#......#.
#.#......#
#.#####..# #.#
..# #.# .# #.#
#


You could see Menkaure (fast) and a jackal skeleton (wandering).

Vanquished Creatures
  Sigmund (D:4)
  A human (D:5)
  An ice beast (D:5)
  2 ogres
  2 centaurs (D:5)
  Blork the orc (D:4)
  A water moccasin zombie (D:5)
  A hound (D:4)
  Crazy Yiuf (D:4)
  A bullfrog skeleton (D:4)
  4 worker ants
  2 hound skeletons
  6 adders
  A shadow imp (D:5)
  An adder zombie (D:5)
  An adder skeleton (D:4)
  4 worms
  10 dart slugs
  3 leopard geckos
  12 orcs
  2 ball pythons
  7 bats
  5 giant cockroaches
  6 goblins
  10 hobgoblins
  18 jackals
  3 frilled lizards
  9 kobolds
  11 rats
127 creatures vanquished.

Vanquished Creatures (others)
  A fungus (D:4)
1 creature vanquished.

Grand Total: 128 creatures vanquished

Notes
Turn   | Place    | Note
-------+----------+-------------------------------------------
     0 | D:1      | sideus8 the Gnoll Transmuter began the quest for the Orb.
     0 | D:1      | Reached XP level 1. HP: 17/17 MP: 6/6
    98 | D:1      | Reached XP level 2. HP: 21/23 MP: 5/7
   475 | D:1      | Reached XP level 3. HP: 21/28 MP: 9/9
   595 | D:1      | Learned a level 2 spell: Wereblood
   860 | D:1      | Reached skill level 5 in Spellcasting
   932 | D:2      | Found a blossoming altar of Fedhas.
  1133 | D:2      | Found a glowing silver altar of Zin.
  1183 | D:2      | Reached skill level 1 in Invocations
  1381 | D:2      | Reached skill level 1 in Short Blades
  1381 | D:2      | Reached skill level 1 in Long Blades
  1381 | D:2      | Reached skill level 1 in Axes
  1381 | D:2      | Reached skill level 1 in Maces & Flails
  1381 | D:2      | Reached skill level 1 in Polearms
  1381 | D:2      | Reached skill level 1 in Staves
  1381 | D:2      | Reached skill level 1 in Slings
  1381 | D:2      | Reached skill level 1 in Bows
  1381 | D:2      | Reached skill level 1 in Crossbows
  1381 | D:2      | Reached skill level 1 in Throwing
  1381 | D:2      | Reached skill level 1 in Armour
  1381 | D:2      | Reached skill level 1 in Stealth
  1381 | D:2      | Reached skill level 1 in Shields
  1381 | D:2      | Reached skill level 1 in Evocations
  1385 | D:2      | Reached XP level 4. HP: 27/34 MP: 8/11
  1389 | D:2      | Learned a level 3 spell: Spider Form
  1394 | D:2      | Learned a level 4 spell: Ice Form
  1849 | D:3      | Reached skill level 1 in Conjurations
  1849 | D:3      | Reached skill level 1 in Hexes
  1849 | D:3      | Reached skill level 1 in Summonings
  1849 | D:3      | Reached skill level 1 in Necromancy
  1849 | D:3      | Reached skill level 1 in Translocations
  1849 | D:3      | Reached skill level 1 in Fire Magic
  1849 | D:3      | Reached skill level 1 in Ice Magic
  1849 | D:3      | Reached skill level 1 in Air Magic
  1849 | D:3      | Reached skill level 1 in Earth Magic
  1849 | D:3      | Reached skill level 1 in Poison Magic
  1873 | D:3      | Found a large runed translucent door.
  1874 | D:3      | Found a large runed translucent door.
  1876 | D:3      | Noticed Tarl's ghost (amateur DrCj)
  2209 | D:3      | Found a basalt altar of Yredelemnul.
  2482 | D:4      | Reached XP level 5. HP: 27/40 MP: 8/12
  3058 | D:4      | Noticed Sigmund
  3081 | D:4      | Killed Sigmund
  3082 | D:4      | Reached skill level 5 in Dodging
  3082 | D:4      | Reached XP level 6. HP: 34/47 MP: 14/14
  3238 | D:4      | Found an iron altar of Okawaru.
  3371 | D:4      | Found a runed translucent door.
  3372 | D:4      | Noticed Crazy Yiuf
  3381 | D:4      | Killed Crazy Yiuf
  3589 | D:4      | Found a shimmering blue altar of Sif Muna.
  3594 | D:4      | Became a worshipper of Sif Muna the Loreminder
  3599 | D:4      | Found a snail-covered altar of Cheibriados.
  3600 | D:4      | Found a shadowy altar of Dithmenos.
  3668 | D:4      | Reached XP level 7. HP: 51/52 MP: 15/15
  3682 | D:4      | Reached skill level 7 in Unarmed Combat
  3842 | D:4      | Noticed Blork the orc
  3852 | D:4      | Killed Blork the orc
  4247 | D:4      | Learned a level 5 spell: Blade Hands
  4330 | D:5      | Entered Level 5 of the Dungeon
  4579 | D:5      | Reached XP level 8. HP: 33/60 MP: 16/16
  4673 | D:5      | Found a bloodstained altar of Trog.
  4889 | D:5      | Found a runed translucent door.
  4894 | D:5      | Found a basalt altar of Yredelemnul.
  5338 | D:5      | Found a sacrificial altar of Ru.
  5340 | D:5      | Found a stormy altar of Qazlal.
  5385 | D:5      | Found a staircase to the Ecumenical Temple.
  5629 | D:6      | Found Deagum's Magic Scroll Boutique.
  5633 | D:6      | Bought a scroll of identify for 26 gold pieces
  5633 | D:6      | Bought a scroll of identify for 26 gold pieces
  5633 | D:6      | Bought a scroll of teleportation for 39 gold pieces
  5633 | D:6      | Bought 2 scrolls of identify for 52 gold pieces
  5633 | D:6      | Bought a scroll of identify for 26 gold pieces
  5653 | D:6      | Noticed Menkaure
  5668 | D:6      | Slain by Menkaure

Illustrated notes

Levels and vault maps discovered:
D:1:      eino_arrival_water_star, layout_loops_ring, kennysheep_crisscross
D:2:      layout_loops_cross, overflow_temple_1_default,
          nicolae_overflow_crystal_walls
D:3:      minmay_spotlight, layout_rooms, old_standard_altar,
          ebering_ghost_disaster_area
D:4:      kennysheep_slugbush, layout_loops_corners, minitemple,
          okawaru_gym_becter, uniq_sigmund, uniq_crazy_yiuf_cottage,
          uniq_blork_the_orc
D:5:      layout_loops_ring, bloody_trog, nicolae_overflow_hidden_temple,
          lemuel_temple_firewalk_a, dk_yredelemnul_ordeal
D:6:      layout_loops_ring, serial_shops, nicolae_shop_crystal,
          kennysheep_little_box, shop, nicolae_shop_statue_plus,
          nicolae_shop_stone, uniq_menkaure

Skill      XL: |  1  2  3  4  5  6  7  8 |
---------------+-------------------------+-----
Spellcasting   | 5 6 |  6.0
Invocations    | 1 2 3 |  3.6
Short Blades   | 1 2 3 |  3.3
Long Blades    | 1 2 3 |  3.3
Axes           | 1 2 3 |  3.3
Maces & Flails | 1 2 3 |  3.3
Polearms       | 1 2 3 |  3.3
Staves         | 1 2 3 |  3.3
Slings         | 1 2 3 |  3.3
Bows           | 1 2 3 |  3.3
Crossbows      | 1 2 3 |  3.3
Throwing       | 1 2 3 |  3.3
Armour         | 1 2 3 |  3.3
Stealth        | 1 2 3 |  3.3
Shields        | 1 2 3 |  3.3
Evocations     | 1 2 3 |  3.3
Conjurations   | 1 2 |  2.7
Hexes          | 1 2 |  2.7
Summonings     | 1 2 |  2.7
Necromancy     | 1 2 |  2.7
Translocations | 1 2 |  2.7
Fire Magic     | 1 2 |  2.7
Ice Magic      | 1 2 |  2.7
Air Magic      | 1 2 |  2.7
Earth Magic    | 1 2 |  2.7
Poison Magic   | 1 2 |  2.7
Fighting       | 3 4 |  4.2
Transmutations | 4 |  4.7
Dodging        | 5 |  5.7
Unarmed Combat | 7 |  7.4

Action                   |  1- 3 |  4- 6 |  7- 9 || total
-------------------------+-------+-------+-------++-------
Melee: Unarmed           |    83 |   154 |   121 ||   358
       Kick              |    22 |    34 |    28 ||    84
       Headbutt          |     9 |    27 |    25 ||    61
       Bite              |     5 |    11 |    15 ||    31
       Punch             |     1 |       |       ||     1
 Cast: Beastly Appendage |    22 |    24 |    17 ||    63
       Wereblood         |     3 |     4 |       ||     7
  Use: Scroll            |     3 |     1 |       ||     4
       Potion            |       |     1 |     3 ||     4
 Stab: Sleeping          |     3 |     2 |     4 ||     9
Armor: Robe              |    11 |     1 |       ||    12
       Leather armour    |       |    21 |     7 ||    28
Dodge: Dodged            |    79 |   125 |    65 ||   269
Block: Buckler           |       |    23 |    27 ||    50

Table legend: (Time is in decaauts)
 A = Elapsed time spent in this place.
 B = Non-inter-level travel time spent in this place.
 C = Inter-level travel time spent in this place.
 D = Time resting spent in this place.
 E = Time spent auto-exploring this place.
 F = Levels seen in this place.
 G = Mean time per level.
                   A        B        C        D        E       F      G
               +--------+--------+--------+--------+--------+-----+--------+
         Total |   5650 |   5650 |      0 |    431 |   3407 |   6 |  941.7 |
       Dungeon |   5650 |   5650 |      0 |    431 |   3407 |   6 |  941.7 |
               +--------+--------+--------+--------+--------+-----+--------+

Top non-repeatable levels by time:
     D:4: 1580 daAuts
     D:5: 1284 daAuts
     D:3: 1040 daAuts
     D:1: 920 daAuts
     D:2: 783 daAuts
     D:6: 40 daAuts
